 Dungeon Crawl Stone Soup version 0.26.1-2-gb8aa6d0cf2 (webtiles) character file.

Game seed: 3927132583718526866

95 Amaterasu the Poker (level 4, 17/35 HPs)
             Began as a Merfolk Gladiator on Feb 12, 2021.
             Quit the game on level 3 of the Dungeon.
             The game lasted 00:02:01 (1760 turns).

Amaterasu the Poker (Merfolk Gladiator)             Turns: 1760, Time: 00:02:01

Health: 17/35      AC:  6    Str: 15    XL:     4   Next: 65%
Magic:  4/4        EV: 14    Int:  7    God:
Gold:   102        SH:  0    Dex: 15    Spells: 3/3 levels left

rFire    . . .     SeeInvis .   a - +1 trident
rCold    . . .     Faith    .   (no shield)
rNeg     . . .     Spirit   .   b - +0 leather armour
rPois    .         Reflect  .   e - +2 helmet
rElec    .         Harm     .   (no cloak)
rCorr    .         Rampage  .   (no gloves)
Will     .....                  (no boots)
Stlth    +.........             (no amulet)
HPRegen  0.11/turn              (no ring)
MPRegen  0.09/turn              (no ring)

@: no status effects
A: change form in water, swift swim, stealthy swim
a: no special abilities


You were on level 3 of the Dungeon.
You visited 1 branch of the dungeon, and saw 3 of its levels.

You collected 102 gold pieces.

Inventory:

Hand Weapons
 a - a +1 trident (weapon)
Missiles
 d - 3 throwing nets (quivered)
Armour
 b - a +0 leather armour (worn)
 c - a +0 helmet
 e - a +2 helmet (worn)
Scrolls
 h - a scroll of remove curse
Potions
 f - 2 potions of brilliance {unknown}
 g - a potion of curing {unknown}
 i - a potion of cancellation {unknown}
 j - 2 potions of mutation {unknown}
 l - a potion of heal wounds {unknown}
 m - a potion of magic {unknown}


   Skills:
 * Level 3.5 Fighting
 + Level 6.6 Polearms
 - Level 2.0 Throwing
 - Level 4.0 Dodging


You had 3 spell levels left.
You didn't know any spells.
Your spell library was empty.

Dungeon Overview and Level Annotations

Branches:
Dungeon (3/15)

Altars:
Fedhas


Message History

The magic dart hits you.
You puncture the orc wizard!
The orc wizard is heavily wounded.
The orc hits you. The orc wizard barely misses you.
You closely miss the orc wizard.
The orc wizard is heavily wounded.
The orc hits you but does no damage.
The orc wizard hits you with a +0 dagger.
You barely miss the orc wizard.
The orc wizard is heavily wounded.
The orc misses you. The orc wizard barely misses you.
You closely miss the orc wizard.
The orc wizard is heavily wounded.
The orc hits you.
The orc wizard points at you and mumbles some strange words.
The magic dart hits you.
You are too injured to fight recklessly!
You are too injured to fight recklessly!
You are too injured to fight recklessly!
Are you sure you want to abandon this character and quit the game? (Confirm with "yes".)

#..........<.#
#.....##>..... ...
.)...........# ..#
#............# ..#
#............###.#
#................#
#.........†......#
#.......###.)....#
##...[......†...@#
#..........##..oo......
#..........##.......#..
#......................
#..........##?......##.
#...............#####
#...............#
#................


You could see an orc wizard and an orc.

Vanquished Creatures
  4 adders
  2 worms (D:2)
  A dart slug (D:1)
  A leopard gecko (D:2)
  3 orcs (D:3)
  A ball python (D:2)
  A giant cockroach (D:1)
  9 goblins
  4 hobgoblins
  3 jackals (D:2)
  4 bats
  2 frilled lizards (D:2)
  8 kobolds
  4 rats
47 creatures vanquished.

Notes
Turn   | Place    | Note
-------+----------+-------------------------------------------
     0 | D:1      | Amaterasu the Merfolk Gladiator began the quest for the
                  | Orb.
     0 | D:1      | Reached XP level 1. HP: 16/16 MP: 1/1
   218 | D:1      | Reached XP level 2. HP: 23/23 MP: 2/2
   227 | D:1      | Reached skill level 5 in Polearms
   625 | D:2      | Reached XP level 3. HP: 28/28 MP: 3/3
   762 | D:2      | Reached skill level 6 in Polearms
   997 | D:2      | Reached XP level 4. HP: 35/35 MP: 4/4
  1240 | D:2      | Found a blossoming altar of Fedhas.
  1760 | D:3      | Quit the game

Illustrated notes

Levels and vault maps discovered:
D:1:      dpeg_arrival_windows_large_door, layout_rooms, serial_curves,
          eino_curves_03, eino_curves_02
D:2:      layout_loops_corners, lemuel_round_altar, minmay_octomino_j4
D:3:      layout_basic

Skill      XL: |  1  2  3 |
---------------+----------+-----
Polearms       | 5 6 |  6.6
Fighting       | 3 |  3.5
Throwing       | |  2.0
Dodging        | |  4.0

Action                   |  1- 3 |  4- 6 || total
-------------------------+-------+-------++-------
Melee: Trident           |    72 |    57 ||   129
  Use: Scroll            |     2 |     1 ||     3
 Stab: Sleeping          |     1 |       ||     1
Armor: Leather armour    |     6 |    10 ||    16
Dodge: Dodged            |    38 |    42 ||    80
